 Dungeon Crawl Stone Soup version 0.30.0-29-ga12c61a403 (webtiles) character file.

Game seed: 16435228510440810779

368 Arctor the Conjurer (level 6, -7/32 HPs)
             Began as a Gargoyle Conjurer on June 21, 2023.
             Killed by divine providence
             ... invoked by an orc priest
              (14 damage)
             ... on level 5 of the Dungeon.
             The game lasted 00:07:43 (3674 turns).

Arctor the Conjurer (Gargoyle Conjurer)             Turns: 3674, Time: 00:07:44

Health: -7/32      AC:  7    Str: 10    XL:     6   Next: 69%
Magic:  1/11       EV: 12    Int: 21    God:
Gold:   219        SH:  0    Dex:  8    Spells: 9/12 levels left

rFire   . . .        h - +1 short sword
rCold   . . .        (no shield)
rNeg    + . .        a - +0 robe
rPois   ∞            (no helmet)
rElec   +            u - +0 cloak
rCorr   .            (no gloves)
SInv    .            (no boots)
Will    .....        (no amulet)
Stlth   ++           q - ring of flight
HPRegen 0.25/turn    (no ring)
MPRegen 0.12/turn

%: no passive effects
@: flying
A: sickness immunity, AC +4, negative energy resistance 1, electricity
resistance, torment resistance 1, petrification resistance
a: no special abilities


You were on level 5 of the Dungeon.
You visited 1 branch of the dungeon, and saw 5 of its levels.

You collected 219 gold pieces.

Inventory:

Hand Weapons
 h - a +1 short sword (weapon)
Missiles
 o - 4 atropa-tipped darts
 p - 5 poisoned darts
Armour
 a - a +0 robe (worn)
 u - a +0 cloak (worn)
Jewellery
 j - a +4 ring of protection
 q - a ring of flight (left hand)
Wands
 t - a wand of polymorph (6)
Scrolls
 c - 3 scrolls of identify
 e - 2 scrolls of teleportation
 g - a scroll of amnesia
 s - 3 scrolls of summoning {unknown}
Potions
 b - a potion of magic
 d - a potion of flight
 f - a potion of might
 i - a potion of lignification
 m - 3 potions of curing {unknown}
 n - a potion of heal wounds {unknown}
 r - a potion of mutation {unknown}


   Skills:
 - Level 0.2 Fighting
 - Level 1.0 Short Blades
 + Level 2.7 Dodging
 + Level 3.4 Stealth
 - Level 0.9 Unarmed Combat
 + Level 3.5 Spellcasting
 + Level 6.1 Conjurations


You had 9 spell levels left.
You knew the following spells:

 Your Spells              Type           Power      Damage    Failure   Level
a - Magic Dart            Conj           100%       1d8       1%          1
b - Searing Ray           Conj           58%        2d6       1%          2

Your spell library contained the following spells:

 Spells                   Type           Power      Damage    Failure   Level
 Dazzling Flash           Conj/Hex       32%        N/A       11%         3
 Fulminant Prism          Conj/Hex       8%         3d7       34%         4
 Iskenderun's Mystic Bla  Conj/Tloc      16%        2d5       34%         4
 Manifold Assault         Tloc           3%         N/A       77%         4
 Borgnjor's Vile Clutch   Necr/Erth      1%         N/A       98%         5
 Dispersal                Tloc           1%         N/A       100%        6
 Simulacrum               Ice/Necr       1%         N/A       100%        6
 Ozocubu's Refrigeration  Ice            1%         4d7       100%        7
 Disjunction              Tloc           1%         N/A       100%        8
 Polar Vortex             Ice            1%         N/A       100%        9
 Shatter                  Erth           1%         3d6*      100%        9
 Statue Form              Tmut/Erth      Unusable   N/A       N/A         6

Dungeon Overview and Level Annotations

Branches:
Dungeon (6/15)
 Temple: D:4-7

Altars:


Innate Abilities, Weirdness & Mutations

You are immune to sickness and miasma.
Your stone body is resilient. (AC +4)
You are immune to poison.
You resist negative energy. (rN+)
You are resistant to electric shocks. (rElec)
You are resistant to unholy torment.
You are immune to petrification.


Message History

Press: ? - help, Shift-Dir - straight line, f/p - iguana
Aim: an iguana (lightly wounded, 100% to hit)
The magic dart hits the iguana but does no damage.
The iguana is lightly wounded.
The iguana bites you!
Casting: Magic Dart (safe; 1% risk of failure)
Confirm with . or Enter, or press ? or * to list all spells.
Aiming: Magic Dart (safe; 1% risk of failure)
Press: ? - help, Shift-Dir - straight line, f/p - iguana
Aim: an iguana (lightly wounded, 100% to hit)
The magic dart hits the iguana but does no damage.
The iguana is lightly wounded.
An orc priest comes into view. It is wielding a +0 dagger.
The iguana bites you!
The orc priest shouts!
Casting: Magic Dart (safe; 1% risk of failure)
Confirm with . or Enter, or press ? or * to list all spells.
Aiming: Magic Dart (safe; 1% risk of failure)
Press: ? - help, Shift-Dir - straight line, f/p - iguana
Aim: an iguana (lightly wounded, 100% to hit)
The magic dart hits the iguana.
The iguana is moderately wounded.
The iguana closely misses you.
Casting: Magic Dart (safe; 1% risk of failure)
Confirm with . or Enter, or press ? or * to list all spells.
You don't have enough magic to cast this spell.
The orc priest hits you but does no damage.
Found 19 gold pieces.
The iguana attacks as you move away! The iguana barely misses you.
The orc priest attacks as you move away!
The orc priest hits you but does no damage.
Found a stone staircase leading up.
The orc priest invokes the aid of Beogh against you.
Beogh smites you!
* * * LOW HITPOINT WARNING * * *
The iguana attacks as you move away! The iguana barely misses you.
Found a stone staircase leading up.
The orc priest invokes the aid of Beogh against you.
Beogh smites you!
You die...

.........#.....
......[..##...# ####
.........##...##...#
..###....##.........
# ###...o##.........
...................
.........l.........
...................
...$.......@.###+#
..##.........# ..
#....##...#
#....##..<# ......
..... <..........##
... ......# #######
..<##....
..##..###)...#


You could see an iguana and an orc priest.

Vanquished Creatures
  A sky beast (D:6)
  3 hounds
  An orc priest (D:5)
  A sleepcap (D:6)
  An iguana (D:6)
  4 adders
  3 worms (D:2)
  A dart slug (D:1)
  7 ball pythons
  3 bats
  4 endoplasms
  8 giant cockroaches
  5 hobgoblins
  2 quokkas
  4 frilled lizards
  4 goblins
  6 kobolds
  7 rats
65 creatures vanquished.

Notes
Turn   | Place    | Note
-------+----------+-------------------------------------------
     0 | D:1      | Arctor the Gargoyle Conjurer began the quest for the Orb.
     0 | D:1      | Reached XP level 1. HP: 10/10 MP: 3/3
     9 | D:1      | Got the Anthology of the Rocks
   196 | D:1      | Reached XP level 2. HP: 15/15 MP: 0/5
   765 | D:1      | Reached XP level 3. HP: 19/19 MP: 2/6
   813 | D:1      | Reached skill level 5 in Conjurations
  1564 | D:2      | Learned a level 2 spell: Searing Ray
  1763 | D:2      | Reached XP level 4. HP: 24/24 MP: 1/7
  2961 | D:3      | You fall into a shaft and drop 3 floors!
  2972 | D:6      | Noticed a sky beast
  3157 | D:6      | Reached XP level 5. HP: 28/28 MP: 0/9
  3276 | D:5      | Entered Level 5 of the Dungeon
  3342 | D:5      | Reached skill level 1 in Short Blades
  3415 | D:5      | Noticed a phantom
  3416 | D:5      | Noticed a two-headed ogre
  3438 | D:5      | Noticed an ogre
  3514 | D:6      | Reached XP level 6. HP: 9/32 MP: 10/10
  3531 | D:6      | Killed a sky beast
  3532 | D:6      | Reached skill level 6 in Conjurations
  3674 | D:5      | Killed from afar by an orc priest

Illustrated notes

Levels and vault maps discovered:
D:1:      dpeg_arrival_water_temple_mockup, layout_basic, minmay_tripent
D:2:      layout_basic, grunt_decor_arrowhead, interstate_on_off
D:3:      layout_loops_ring, tgw_trog, portal_sewer_entry_c,
          basic_ecumenical_altar
D:5:      layout_gridville, tso_metal_star, minmay_manual_mess
D:6:      layout_loops_cross, kennysheep_small_square, uniq_pikel

Skill      XL: |  1  2  3  4  5  6 |
---------------+-------------------+-----
Conjurations   | 5 6 |  6.1
Dodging        | 2 |  2.7
Short Blades   | 1 |  1.0
Spellcasting   | 3 |  3.5
Stealth        | 3 |  3.4
Fighting       | |  0.2
Unarmed Combat | |  0.9

Action                     |  1- 3 |  4- 6 || total
---------------------------+-------+-------++-------
  Melee: Unarmed           |    11 |       ||    11
         Punch             |     2 |     1 ||     3
         Short sword       |    39 |    32 ||    71
   Cast: Magic Dart        |    96 |    46 ||   142
         Searing Ray       |       |    17 ||    17
    Use: Scroll            |     2 |     5 ||     7
         Potion            |       |     3 ||     3
 Armour: Robe              |    27 |    35 ||    62
         Skin              |       |     7 ||     7
  Dodge: Dodged            |    54 |    57 ||   111
